 Dungeon Crawl Stone Soup version 0.24.0-37-gcf1ca852f1 (webtiles) character file.

Game seed: 7448983912028423176, levelgen mode: deterministic

5386 Peloso the Carver (level 10, -1/88 HPs)
             Began as a Minotaur Fighter on Nov 22, 2019.
             Splashed by a centaur's acid (6 damage)
             ... on level 8 of the Dungeon.
             The game lasted 00:16:52 (6600 turns).

Peloso the Carver (Minotaur Fighter)                Turns: 6600, Time: 00:16:53

Health: -1/88      AC:  8    Str: 22    XL:     10   Next: 39%
Magic:  9/9        EV: 13    Int:  5    God:
Gold:   544        SH: 13    Dex: 12    Spells: 9/9 levels left

rFire    . . .     SeeInvis .   a - +1 long sword (holy)
rCold    . . .     Gourm    .   c - +1 shield
rNeg     . . .     Faith    .   w - +0 chain mail
rPois    .         Spirit   .   (helmet restricted)
rElec    .         Reflect  .   v - +0 cloak
rCorr    +         Harm     .   (no gloves)
MR       .....                  (no boots)
Stlth    ..........             E - amulet of rage
HPRegen  0.24/turn              B - ring of resist corrosion
MPRegen  0.11/turn              m - +4 ring of evasion

@: corroded, studying Axes
A: retaliatory headbutt, horns 2
a: Evoke Berserk Rage


You were on level 8 of the Dungeon.
You were not hungry.

You visited 2 branches of the dungeon, and saw 9 of its levels.

You collected 544 gold pieces.

Inventory:

Hand Weapons
 a - a +1 long sword of holy wrath (weapon)
Armour
 b - a +0 scale mail
 c - a +1 shield (worn)
 v - a +0 cloak (worn)
 w - a +0 chain mail (worn)
Jewellery
 k - an uncursed ring of flight
 m - a +4 ring of evasion (right hand)
 B - a ring of resist corrosion (left hand)
 E - an amulet of rage (around neck)
 F - an uncursed ring of protection from magic
Wands
 e - a wand of flame (9)
 C - a wand of digging (4)
Scrolls
 g - 5 scrolls of immolation {unknown}
 h - 4 scrolls of identify
 n - 5 scrolls of enchant armour
 o - 2 scrolls of fear
 p - 7 scrolls of remove curse
 r - a scroll of blinking {unknown}
 t - 5 scrolls of teleportation {unknown}
 u - 2 scrolls of fog {unknown}
 A - a scroll of enchant weapon {unknown}
Potions
 d - 2 potions of might
 i - 5 potions of brilliance
 j - 3 potions of agility
 l - 3 potions of curing
 q - a potion of cancellation
 s - a potion of mutation
 x - a potion of ambrosia
 z - a potion of lignification {unknown}
 D - 2 potions of haste {unknown}
Books
 y - a manual of Axes
Comestibles
 f - 17 rations
 G - 2 chunks of flesh


   Skills:
 + Level 8.0 Fighting
 + Level 11.4 Long Blades
 + Level 8.0 Armour
 + Level 4.4 Dodging
 + Level 1.3 Stealth
 + Level 9.8 Shields
 + Level 0.6 Evocations


You had 9 spell levels left.
You didn't know any spells.
Your spell library contained the following spells:

 Spells                   Type           Power        Failure   Level  Hunger
 Magic Dart               Conj           #...         100%        1    ##.....
 Blink                    Tloc           N/A          100%        2    ###....
 Call Imp                 Summ           #.......     100%        2    ###....
 Slow                     Hex            #.......     100%        2    ###....
 Conjure Flame            Conj/Fire      #.......     100%        3    ####...
 Mephitic Cloud           Conj/Pois/Air  #.......     100%        3    ####...


Dungeon Overview and Level Annotations

Branches:
Dungeon (8/15)             Temple (1/1) D:4            Lair (0/6) D:8

Altars:
Ashenzari
Cheibriados
Dithmenos
Elyvilon
Fedhas
Gozag
Hepliaklqana
Kikubaaqudgha
Nemelex Xobeh
Ru
Sif Muna
Trog
Uskayaw
Vehumet
Xom
Yredelemnul
The Shining One

Shops:
D:8 :


Innate Abilities, Weirdness & Mutations

You reflexively headbutt those who attack you in melee.
You have a pair of horns on your head.


Message History

Things that are here:
2 stones; 4 arrows The centaur shoots an arrow.
You block the arrow.
The centaur throws a stone.
The stone hits you.
* * * LOW HITPOINT WARNING * * *
The centaur throws a stone.
The stone closely misses you.
Things that are here:
2 stones; 4 arrows The centaur shoots an arrow.
The arrow misses you.
The centaur shoots an arrow.
The arrow hits you!
* * * LOW HITPOINT WARNING * * *
The centaur throws a stone.
The stone hits you.
* * * LOW HITPOINT WARNING * * *
The centaur shoots an arrow.
You block the arrow.
Things that are here:
a stone; 7 arrows The centaur zaps a wand.
The bolt of acid hits you! You resist.
* * * LOW HITPOINT WARNING * * *
You are splashed with acid.
You resist.
You die...

#....##.#####.#### #####.#
........)..(...((###### .
..
##.#############((((((##≈≈≈
≈≈. #..# #.#(.#≈≈≈≈≈≈≈≈≈≈≈
##.# #"##(≈≈≈≈≈≈..≈ ≈≈≈ .#
#.##≈≈≈≈.####. .#
#.#≈≈≈≈.## .# #.#≈≈≈c.# .#
#@#≈≈≈c..# #(≈≈≈≈ccc.#
#(≈≈≈≈≈c..# #(≈≈≈≈≈....
#(≈≈≈≈≈≈. #.≈≈≈≈≈≈≈
#..≈≈≈≈≈≈ ##....≈≈≈ ###....


You could see 4 centaurs.

Vanquished Creatures
  A two-headed ogre (D:8)
  Pikel (D:5)
  Joseph (D:7)
  A spriggan (D:7)
  A hungry ghost (D:7)
  Menkaure (D:7)
  Duvessa (D:4)
  A slave (D:5)
  3 ice beasts
  A black bear (D:6)
  An orc warrior (D:7)
  3 phantoms
  A sky beast (D:7)
  9 ogres
  3 centaurs
  A big kobold (D:7)
  Dowan (D:4)
  2 scorpions
  3 wights (D:7)
  4 crimson imps
  5 howler monkeys
  An orc priest (D:3)
  4 hounds
  A jelly (D:4)
  A centaur skeleton (D:8)
  5 iguanas
  Ijyb (D:5)
  6 orc wizards
  10 worker ants
  9 adders
  An ooze (D:3)
  2 adder zombies
  7 worms
  6 leopard geckos
  32 orcs
  2 ball pythons
  3 bats
  4 giant cockroaches
  5 goblins
  10 hobgoblins
  14 jackals
  7 kobolds
  A quokka (D:2)
  10 frilled lizards
  A leopard gecko skeleton (D:5)
  7 rats
195 creatures vanquished.

Vanquished Creatures (others)
  2 slaves (D:5)
  A howler monkey (D:5)
  A giant cockroach (D:5)
  A quokka skeleton (D:5)
5 creatures vanquished.

Grand Total: 200 creatures vanquished

Notes
Turn   | Place    | Note
-------+----------+-------------------------------------------
     0 | D:1      | Peloso the Minotaur Fighter began the quest for the Orb.
     0 | D:1      | Reached XP level 1. HP: 19/19 MP: 0/0
   164 | D:3      | Reached XP level 2. HP: 25/27 MP: 1/1
   215 | D:3      | Reached XP level 3. HP: 33/33 MP: 2/2
   300 | D:3      | Found a faded altar of an unknown god.
   320 | D:3      | Reached skill level 3 in Long Blades
   337 | D:3      | Reached XP level 4. HP: 36/40 MP: 3/3
   627 | D:3      | Reached XP level 5. HP: 32/47 MP: 4/4
   906 | D:2      | Reached skill level 5 in Armour
   951 | D:2      | Found a runed translucent door.
   951 | D:2      | Noticed a human
   952 | D:2      | Found a basalt altar of Yredelemnul.
  1137 | D:2      | Reached skill level 4 in Long Blades
  1397 | D:2      | Found a shadowy altar of Dithmenos.
  1828 | D:1      | Reached XP level 6. HP: 55/55 MP: 5/5
  2074 | D:1      | Reached skill level 5 in Shields
  2383 | D:4      | Found a staircase to the Ecumenical Temple.
  2402 | Temple   | Entered the Ecumenical Temple
  2578 | D:4      | Reached skill level 5 in Long Blades
  2578 | D:4      | Reached skill level 1 in Dodging
  2587 | D:4      | Noticed Dowan
  2588 | D:4      | Noticed Duvessa
  2601 | D:5      | Entered Level 5 of the Dungeon
  2601 | D:5      | Noticed Ijyb
  2608 | D:5      | Reached skill level 5 in Fighting
  2608 | D:5      | Reached XP level 7. HP: 61/61 MP: 6/6
  2609 | D:5      | Killed Ijyb
  2710 | D:5      | Noticed Pikel
  2747 | D:5      | Killed Pikel
  2747 | D:5      | Reached skill level 6 in Long Blades
  2747 | D:5      | Reached XP level 8. HP: 32/69 MP: 7/7
  3063 | D:5      | Reached skill level 7 in Long Blades
  3557 | D:4      | Killed Duvessa
  3564 | D:4      | Killed Dowan
  3603 | D:4      | Reached skill level 8 in Long Blades
  3889 | D:4      | Found a sacrificial altar of Ru.
  4274 | D:4      | Found a blossoming altar of Fedhas.
  4276 | D:4      | Found a snail-covered altar of Cheibriados.
  4609 | D:6      | Reached XP level 9. HP: 76/78 MP: 8/8
  4614 | D:6      | Reached skill level 9 in Long Blades
  5229 | D:7      | Noticed Menkaure
  5239 | D:7      | Killed Menkaure
  5331 | D:7      | Noticed Joseph
  5382 | D:7      | Killed Joseph
  5382 | D:7      | Reached skill level 10 in Long Blades
  5503 | D:7      | Reached skill level 1 in Stealth
  5615 | D:7      | Reached XP level 10. HP: 19/86 MP: 9/9
  5928 | D:7      | Found a sparkling altar of Nemelex Xobeh.
  5930 | D:7      | Found a shimmering blue altar of Sif Muna.
  6347 | D:8      | Found a hide-covered altar of Uskayaw.
  6353 | D:8      | Noticed a two-headed ogre
  6366 | D:8      | Killed a two-headed ogre
  6366 | D:8      | Reached skill level 11 in Long Blades
  6388 | D:8      | Found a staircase to the Lair.
  6492 | D:8      | Found Cabrife's Book Shoppe.
  6600 | D:8      | Splashed by a centaur's acid

Levels and vault maps discovered:
D:1:      dpeg_arrival_water_temple_mockup, layout_basic
D:2:      layout_loops_ring, marbit_many_paths, dk_yredelemnul_ordeal
D:3:      layout_loops_ring, chequers_ecumenical_altar_simple_redux
D:4:      minmay_chambers_of_fours, layout_basic,
          nicolae_ru_the_path_less_chosen, minitemple,
          minmay_temple_entry_glass, first_ration, uniq_duvessa
D:5:      layout_loops_ring, serial_glass, glass_columns_b, glass_columns_b,
          nrook_mini_backslash, minmay_manual_mandibuliform, uniq_pikel,
          uniq_ijyb
D:6:      layout_rooms, minmay_misc_feat_alley
D:7:      layout_gridville, chequers_temple_overflow_statue_of_worship,
          dk_noncrumbling_4, the_bakery, minmay_quadrilaterals, uniq_joseph,
          uniq_menkaure
D:8:      layout_rooms, lemuel_round_altar, lair_entry_dummy, serial_shops,
          shop, centaur_isle
Temple:   kb_temple_of_zot

Skill      XL: |  1  2  3  4  5  6  7  8  9 10 |
---------------+-------------------------------+-----
Shields        | 4 5 6 7 9 |  9.8
Armour         | 4 5 6 7 8 |  8.0
Fighting       | 4 5 6 7 8 |  8.0
Long Blades    | 3 4 5 6 8 10 11 | 11.4
Dodging        | 1 2 3 4 |  4.4
Stealth        | 1 |  1.3
Evocations     | |  0.6

Action                   |  1- 3 |  4- 6 |  7- 9 | 10-12 || total
-------------------------+-------+-------+-------+-------++-------
Melee: Long sword        |    45 |   151 |   343 |    82 ||   621
       Headbutt          |     6 |    26 |    86 |    15 ||   133
Evoke: Wand              |       |       |     6 |       ||     6
  Use: Scroll            |       |     6 |     3 |       ||     9
       Potion            |       |     1 |     5 |     2 ||     8
  Eat: Chunk             |       |     4 |    12 |     4 ||    20
Armor: Scale mail        |    25 |    52 |    73 |     3 ||   153
       Chain mail        |       |       |       |    37 ||    37
Dodge: Dodged            |    13 |    56 |   152 |    60 ||   281
Block: Shield            |    21 |    75 |   219 |    73 ||   388
       Rpst.: Long sword |     5 |    12 |    33 |     4 ||    54
